 Dungeon Crawl Stone Soup version 0.27-a0-898-g810843a28d (webtiles) character file.

Game seed: 14954156223336887304

42 Alarkh the Insei (level 3, 0/27 HPs)
             Began as a Demonspawn Gladiator on Apr 5, 2021.
             Succumbed to a scorpion's poison
             ... on level 3 of the Dungeon.
             The game lasted 00:01:09 (1698 turns).

Alarkh the Insei (Demonspawn Gladiator)             Turns: 1698, Time: 00:01:09

Health: 0/27       AC:  4    Str: 14    XL:     3   Next: 35%
Magic:  3/3        EV: 12    Int: 10    God:
Gold:   83         SH:  0    Dex: 14    Spells: 2/2 levels left

rFire    . . .     SeeInvis .     - Unarmed
rCold    . . .     Faith    .   (no shield)
rNeg     . . .     Spirit   .   a - +0 leather armour
rPois    .         Reflect  .   b - +0 helmet
rElec    .         Harm     .   (no cloak)
rCorr    .         Rampage  .   (no gloves)
Will     .....                  (no boots)
Stlth    +.........             j - amulet of the acrobat
HPRegen  0.09/turn              (no ring)
MPRegen  0.08/turn              (no ring)

@: brilliant, lethally poisoned (0 -> -12), hasted, very quick
A: spiny 1
a: no special abilities


You were on level 3 of the Dungeon.
You visited 1 branch of the dungeon, and saw 3 of its levels.

You collected 83 gold pieces.

Inventory:

Missiles
 c - 3 throwing nets (quivered)
Armour
 a - a +0 leather armour (worn)
 b - a +0 helmet (worn)
Jewellery
 j - an amulet of the acrobat (around neck)
Scrolls
 d - 2 scrolls of identify {unknown}
 h - 3 scrolls of enchant weapon {unknown}
 k - a scroll of immolation {unknown}
Potions
 g - a potion of curing {unknown}
 i - a potion of haste


   Skills:
 - Level 2.0 Fighting
 - Level 1.7 Throwing
 - Level 2.6 Dodging
 + Level 4.1 Unarmed Combat


You had 2 spell levels left.
You didn't know any spells.
Your spell library contained the following spells:

 Spells                   Type           Power      Damage    Failure   Level
 Sublimation of Blood     Necr           0%         N/A       58%         2
 Confusing Touch          Hex            0%         N/A       82%         3
 Gell's Gravitas          Tloc           0%         N/A       82%         3
 Ignite Poison            Fire/Tmut/Pois 0%         N/A       82%         3
 Petrify                  Tmut/Erth      0%         N/A       99%         4
 Alistair's Intoxication  Tmut/Pois      0%         N/A       100%        5
 Irradiate                Conj/Tmut      0%         3d13      100%        5
 Metabolic Englaciation   Hex/Ice        0%         N/A       100%        5
 Yara's Violent Unravell  Hex/Tmut       0%         3d3       100%        5
 Eringya's Noxious Bog    Tmut/Pois      0%         N/A       100%        6


Dungeon Overview and Level Annotations

Branches:
Dungeon (3/15)

Altars:


Innate Abilities, Weirdness & Mutations

You are partially covered in sharp spines.


Message History

No target in view!
No target in view!
No target in view!
You start resting.
HP restored.
You see here a +0 club.
A scorpion comes into view.
The scorpion closely misses you.
A scorpion is nearby!
A scorpion is nearby!
You barely miss the scorpion. The scorpion is struck by your spines.
The scorpion stings you.
You are poisoned.
The scorpion poisons you!
You hit the scorpion but do no damage.
The scorpion is moderately wounded.
You feel sick. The scorpion is struck by your spines. The scorpion stings you.
You are too injured to fight recklessly!
It was a potion of haste.
You feel yourself speed up.
You feel sick. The scorpion barely misses you.
It was a potion of heal wounds.
You feel much better.
You feel sick. The scorpion stings you.
You barely miss the scorpion.
The scorpion is moderately wounded.
You feel sick. The scorpion stings you!
You hit the scorpion but do no damage.
The scorpion is moderately wounded.
You hit the scorpion but do no damage.
The scorpion is moderately wounded.
You feel sick. The scorpion is struck by your spines. The scorpion stings you.
You are lethally poisoned!
The scorpion poisons you!
You hit the scorpion.
The scorpion is severely wounded.
* * * LOW HITPOINT WARNING * * *
You feel sick. The scorpion stings you.
* * * LOW HITPOINT WARNING * * *
It was a potion of brilliance.
You feel clever all of a sudden.
You die...

#.# #.#
#.# #.#
#.#
########.#
.........#
.........#
########@#
#.s...#
#.#?#.#
#.#.#.# #
#.# # .$#
###


You could see a scorpion.

Vanquished Creatures
  2 adders
  A worm (D:2)
  2 dart slugs (D:1)
  2 endoplasms
  2 giant cockroaches
  2 goblins
  3 hobgoblins
  2 ball pythons (D:1)
  A bat (D:1)
17 creatures vanquished.

Notes
Turn   | Place    | Note
-------+----------+-------------------------------------------
     0 | D:1      | Alarkh the Demonspawn Gladiator began the quest for the
                  | Orb.
     0 | D:1      | Reached XP level 1. HP: 16/16 MP: 1/1
   200 | D:1      | Found a faded altar of an unknown god.
   206 | D:1      | Reached skill level 3 in Unarmed Combat
   506 | D:1      | Gained mutation: You are partially covered in sharp spines.
                  | [demonic ancestry]
   506 | D:1      | Reached XP level 2. HP: 18/22 MP: 2/2
   913 | D:2      | Noticed a steam dragon
  1418 | D:2      | Reached XP level 3. HP: 10/27 MP: 3/3
  1663 | D:3      | Reached skill level 4 in Unarmed Combat
  1689 | D:3      | Noticed a scorpion
  1698 | D:3      | Succumbed to a scorpion's poison

Illustrated notes

Levels and vault maps discovered:
D:1:      evilmike_arrival_crescent, layout_basic, basic_ecumenical_altar,
          serial_bayou, serial_bayou_pond_e, serial_bayou_crossing,
          serial_bayou_pond_c, serial_bayou_pond_a
D:2:      layout_basic
D:3:      layout_basic, nicolae_overflow_crystal_walls, grunt_ministairs_1,
          minmay_goblin_kobold_house

Skill      XL: |  1  2  3 |
---------------+----------+-----
Unarmed Combat | 3 4 |  4.1
Fighting       | |  2.0
Throwing       | |  1.7
Dodging        | |  2.6

Action                   || total
-------------------------++-------
Melee: Unarmed           ||    69
       Punch             ||     1
  Use: Potion            ||     3
Armor: Leather armour    ||    12
Dodge: Dodged            ||    34

Table legend: (Time is in decaauts)
 A = Elapsed time spent in this place.
 B = Non-inter-level travel time spent in this place.
 C = Inter-level travel time spent in this place.
 D = Time resting spent in this place.
 E = Time spent auto-exploring this place.
 F = Levels seen in this place.
 G = Mean time per level.
                   A        B        C        D        E       F      G
               +--------+--------+--------+--------+--------+-----+--------+
         Total |   1713 |   1656 |     57 |    530 |    954 |   3 |  571.0 |
       Dungeon |   1713 |   1656 |     57 |    530 |    954 |   3 |  571.0 |
               +--------+--------+--------+--------+--------+-----+--------+

Top non-repeatable levels by time:
     D:1: 1513 daAuts
     D:2: 165 daAuts
     D:3: 34 daAuts
